[Event "Betsys MČR v online bleskovém šachu 2021"]
[Site "Chess.com"]
[Date "2021.04.17"]
[Round "3"]
[White "zaciname"]
[Black "VOJTASEK2009"]
[Result "1-0"]
[WhiteElo "724"]
[BlackElo "1279"]
[TimeControl "180+1"]
[EndTime "9:25:39 PDT"]
[Termination "Uživatel zaciname zvítězil matem"]

1. e4 e5 2. Nf3 Nc6 3. Bc4 Bc5 4. d3 h6 5. h3 Nf6 6. Be3 Bb6 7.
Nc3 d6 8. Nd5 Nxd5 9. Bxd5 O-O 10. Bxc6 bxc6 11. Qd2 Qf6 12. O-O-O d5 13. exd5 cxd5 14.
Nh2 d4 15. Bxh6 gxh6 16. Ng4 Qg6 17. Nxe5 Qf6 18. Ng4 Bxg4 19. hxg4 Kg7 20. Rh3 Rab8 21. Rdh1 Rh8 22. g5 Qe6 23. Rxh6 Qxa2 24. Qf4 Qa1+ 25. Kd2 Ba5+ 26. Ke2 Qxb2 27. Qf6+ Kf8 28. Rxh8# 1-0

[Event "Betsys MČR v online bleskovém šachu 2021"]
[Site "Chess.com"]
[Date "2021.04.17"]
[Round "3"]
[White "PremetFugas"]
[Black "KJ327NR"]
[Result "1-0"]
[WhiteElo "2139"]
[BlackElo "2341"]
[TimeControl "180+1"]
[EndTime "9:25:40 PDT"]
[Termination "Uživatel PremetFugas zvítězil po vzdání soupeře"]

1. d4 Nf6 2. c4 e6 3. Nc3 d5 4. Bg5 Nbd7 5. Nf3 Be7 6. e3 h6 7.
Bh4 O-O 8. Qc2 c6 9. Bd3 dxc4 10. Bxc4 b5 11. Bd3 Bb7 12. O-O a6 13. Rfd1 Qb6 14. Ne4 Nd5 15. Bxe7 Nxe7 16. Nd6 Nf6 17. e4 Rad8 18.
Nxb7 Qxb7 19. Rac1 Rc8 20. Qe2 Nd7 21. e5 c5 22. Bb1 cxd4 23. Nxd4 Rxc1 24. Rxc1 Rc8 25.
Rd1 Nd5 26. g3 g6 27. Qe4 Ne7 28. Qxb7 1-0

[Event "Betsys MČR v online bleskovém šachu 2021"]
[Site "Chess.com"]
[Date "2021.04.17"]
[Round "3"]
[White "Krejcak"]
[Black "Federer302"]
[Result "1-0"]
[WhiteElo "2003"]
[BlackElo "1631"]
[TimeControl "180+1"]
[EndTime "9:25:40 PDT"]
[Termination "Uživatel Krejcak zvítězil na čas"]

1. e4 c5 2. Nc3 g6 3. f4 Bg7 4. Nf3 Nc6 5. Bb5 d6 6. Bxc6+ bxc6 7. O-O Nf6 8. d3 O-O 9. h3 e6 10. Qe1 d5 11. e5 Nd7 12. b3 Nb6 13. Ba3 Nd7 14.
Na4 Bh6 15. Nd2 Qa5 16. c4 Rd8 17. Rd1 Bf8 18. Qf2 d4 19. Ne4 Nb6 20. Qh4 h5 21. Qxd8 Bb7 22. Nf6+ Kg7 23. Qc7 Rb8 24. Nd7 1-0

[Event "Betsys MČR v online bleskovém šachu 2021"]
[Site "Chess.com"]
[Date "2021.04.17"]
[Round "3"]
[White "Krtecci"]
[Black "KajaOl"]
[Result "0-1"]
[WhiteElo "2103"]
[BlackElo "2366"]
[TimeControl "180+1"]
[EndTime "9:25:41 PDT"]
[Termination "Uživatel KajaOl zvítězil po vzdání soupeře"]

1. e4 Nf6 2. e5 Nd5 3. d4 d6 4. c4 Nb6 5. exd6 cxd6 6. Nc3 g6 7. Bd3 Bg7 8. Nge2 O-O 9. O-O Nc6 10. Be3 e5 11. d5 Nb4 12. b3 Nxd3 13. Qxd3 f5 14.
f4 Nd7 15. Rad1 b6 16. Bf2 Nf6 17. Bh4 Qd7 18. Qf3 Bb7 19. Kh1 Rae8 20. Qh3 Ng4 21.
Rd3 h6 22. Qf3 a6 23. h3 e4 24. Nxe4 fxe4 25. Qxg4 Qxg4 26. hxg4 exd3 0-1

[Event "Betsys MČR v online bleskovém šachu 2021"]
[Site "Chess.com"]
[Date "2021.04.17"]
[Round "3"]
[White "lockerbieQ"]
[Black "krystofkrizek1"]
[Result "0-1"]
[WhiteElo "1736"]
[BlackElo "2099"]
[TimeControl "180+1"]
[EndTime "9:25:42 PDT"]
[Termination "Uživatel krystofkrizek1 zvítězil po vzdání soupeře"]

1. e4 g6 2. d4 d5 3. e5 c5 4. c3 Nc6 5. Be3 Nh6 6. Bd3 Nf5 7. Ne2 Nxe3 8. fxe3 Bh6 9. e4 Bg4 10.
O-O O-O 11. Nd2 cxd4 12. Kh1 dxc3 13. bxc3 Bxd2 14. Qxd2 dxe4 15. Qf4 exd3 16. Qxg4 dxe2 17. Qxe2 Qd5 0-1

[Event "Betsys MČR v online bleskovém šachu 2021"]
[Site "Chess.com"]
[Date "2021.04.17"]
[Round "3"]
[White "chessbeer17"]
[Black "Drak1961"]
[Result "1-0"]
[WhiteElo "2346"]
[BlackElo "2089"]
[TimeControl "180+1"]
[EndTime "9:25:48 PDT"]
[Termination "Uživatel chessbeer17 zvítězil po vzdání soupeře"]

1. d4 Nf6 2. c4 g6 3. Nc3 Bg7 4. e4 d6 5. f4 O-O 6. Nf3 c6 7. Bd3 a6 8. O-O b5 9. b3 b4 10. Ne2 d5 11. e5 Ne4 12. Qc2 f5 13. cxd5 cxd5 14. Bd2 a5 15. Rac1 Ba6 16. Ng5 Nxg5 17. fxg5 Qd7 18. Nf4 Rc8 19. Qb1 Nc6 20. Be3 Nd8 21.
Rxc8 Qxc8 22. Rc1 Qd7 23. Rc5 Bxd3 24. Qxd3 e6 25. Qc2 Bf8 26. Rc7 Qb5 27. Kf2 a4 28. h4 axb3 29. axb3 Qa6 30. h5 Qa2 31. hxg6 hxg6 32. Nxg6 Qb2 33. Qxb2 1-0

[Event "Betsys MČR v online bleskovém šachu 2021"]
[Site "Chess.com"]
[Date "2021.04.17"]
[Round "3"]
[White "Innerz98"]
[Black "youhy"]
[Result "1-0"]
[WhiteElo "2108"]
[BlackElo "1763"]
[TimeControl "180+1"]
[EndTime "9:25:49 PDT"]
[Termination "Uživatel Innerz98 zvítězil na čas"]

1. d4 Nf6 2. Bf4 d5 3. Nf3 c5 4. e3 Nc6 5. c3 g6 6. Bd3 Bg7 7. Nbd2 O-O 8. O-O Nd7 9. Re1 e5 10. dxe5 Ndxe5 11. Nxe5 Nxe5 12. Be2 Re8 13. Nf3 Bf5 14.
Qb3 b6 15. Rad1 c4 16. Qb5 Nd3 17. Bxd3 Bxd3 18. Nd4 Bxd4 19. exd4 Re4 20. Bg3 a6 21. Qc6 Rc8 22. Qb7 Qf8 23. Qxb6 Rce8 24. Rxe4 Rxe4 25. Qf6 Qe8 26. Be5 Rxe5 27. Qxe5 Qxe5 28. dxe5 Kf8 29. f4 Ke7 30. Kf2 Ke6 31. Ke3 f5 32. Kd4 Be4 33. g3 Bc2 34. Rd2 Bb1 35. a3 Bd3 36.
Kc5 1-0

[Event "Betsys MČR v online bleskovém šachu 2021"]
[Site "Chess.com"]
[Date "2021.04.17"]
[Round "3"]
[White "patrikvagner"]
[Black "marfuss"]
[Result "1/2-1/2"]
[WhiteElo "1765"]
[BlackElo "2085"]
[TimeControl "180+1"]
[EndTime "9:25:49 PDT"]
[Termination "Remíza opakováním pozice"]

1. d4 f5 2. e4 fxe4 3. Nc3 Nf6 4. Bg5 g6 5. Bxf6 exf6 6. Nxe4 Bg7 7. Bd3 O-O 8. Nf3 d5 9. Ng3 Re8+ 10. Be2 Bg4 11.
O-O Nc6 12. c3 f5 13. h3 Bxf3 14. Bxf3 f4 15. Ne2 Bh6 16. Qd2 Rf8 17. Nc1 Ne7 18. Nd3 g5 19. Rfe1 Ng6 20. Ne5 Nh4 21. Bg4 c6 22. f3 Qd6 23. Qd3 Rae8 24. Re2 Ng6 25. Nxg6 Qxg6 26. Qxg6+ hxg6 27. Rae1 Kf7 28. Rxe8 Rxe8 29.
Rxe8 Kxe8 30. Kf2 Ke7 31. Ke2 Kd6 32. Kd3 Bg7 33. b3 b5 34. a4 bxa4 35. bxa4 a5 36. Bc8 c5 37. Bg4 c4+ 38. Kc2 Bf8 39. Kd2 Ke7 40.
Kc2 Kf6 41. Kd2 Ba3 42. Kc2 Bd6 43. Kd2 Ba3 44. Kc2 Bd6 45. Kd2 Ba3 1/2-1/2

[Event "Betsys MČR v online bleskovém šachu 2021"]
[Site "Chess.com"]
[Date "2021.04.17"]
[Round "3"]
[White "dzerenyss"]
[Black "misa2009"]
[Result "0-1"]
[WhiteElo "1111"]
[BlackElo "1506"]
[TimeControl "180+1"]
[EndTime "9:25:52 PDT"]
[Termination "Uživatel misa2009 zvítězil na čas"]

1. e4 e5 2. Nf3 Nc6 3. d4 exd4 4. Nxd4 Bc5 5. Nb3 Bb6 6. Nc3 d6 7. Bd3 Nf6 8. Bg5 Be6 9. O-O O-O 10. Qe2 h6 11. Bh4 Ne5 12. Nd5 Bxd5 13. exd5 Re8 14. Qd2 Nxd3 15. Qxd3 a6 16. Rfe1 Qd7 17. Bxf6 gxf6 18.
Qg3+ Kh7 19. Qd3+ Kh8 20. Re4 Rxe4 21. Qxe4 f5 22. Qh4 Kh7 23. Re1 Re8 24. Rd1 Qe7 25. Qxe7 Rxe7 26. h3 Re2 27. Nd2 Rxf2 28. Kh1 Re2 29.
c3 Be3 30. Nb3 Rxb2 0-1

[Event "Betsys MČR v online bleskovém šachu 2021"]
[Site "Chess.com"]
[Date "2021.04.17"]
[Round "3"]
[White "VojtechPlat"]
[Black "fadamos"]
[Result "1-0"]
[WhiteElo "2865"]
[BlackElo "2253"]
[TimeControl "180+1"]
[EndTime "9:25:53 PDT"]
[Termination "Uživatel VojtechPlat zvítězil po vzdání soupeře"]

1. d4 Nf6 2. Nf3 g6 3. e3 Bg7 4.
c4 O-O 5. Nbd2 d6 6. b3 Nbd7 7. Bb2 a5 8. a3 c6 9. Be2 Qc7 10.
O-O Re8 11. Rc1 e5 12. c5 exd4 13. cxd6 Qxd6 14. Nc4 Qe7 15. Qxd4 Nh5 16. Qd2 Bxb2 17. Qxb2 b5 18. Ncd2 Bb7 19. Nd4 c5 20. Nxb5 Nf4 21. exf4 Qxe2 22. Nd6 Bc6 23. Nxe8 Rxe8 24. Nc4 Qe4 25.
f3 Qxf4 26. Rfe1 Rb8 27. Nxa5 Bb5 28. Rcd1 Rf8 29. Qd2 Qc7 30. a4 Ba6 31. Qxd7 Qxa5 32. Re8 Qc3 33. Rxf8+ Kxf8 34. Qd6+ Kg7 35. Qxa6 Qe3+ 1-0

[Event "Betsys MČR v online bleskovém šachu 2021"]
[Site "Chess.com"]
[Date "2021.04.17"]
[Round "3"]
[White "fm_magua"]
[Black "Stalri"]
[Result "1-0"]
[WhiteElo "2512"]
[BlackElo "2190"]
[TimeControl "180+1"]
[EndTime "9:25:54 PDT"]
[Termination "Uživatel fm_magua zvítězil matem"]

1. e4 c5 2. Nf3 e6 3. d4 cxd4 4. Nxd4 Nc6 5. Nc3 Nf6 6. Ndb5 Bc5 7. Nd6+ Ke7 8. Nxc8+ Rxc8 9. Be2 d5 10. exd5 exd5 11.
O-O Re8 12. Bg5 Kf8 13. Bxf6 Qxf6 14. Nxd5 Qxb2 15. Rb1 Qxa2 16. Rxb7 Rxe2 17. Nc3 Qa6 18. Qd7 Ne7 19. Rd1 Re8 20. Nb5 Qc6 21.
h4 Qxd7 22. Rdxd7 Rxf2 23. Kh2 Rxc2 24. Nc7 Rc8 25. Nd5 Re2 26. Rbc7 Rxc7 27. Rd8# 1-0

[Event "Betsys MČR v online bleskovém šachu 2021"]
[Site "Chess.com"]
[Date "2021.04.17"]
[Round "3"]
[White "Ami2013"]
[Black "vadoto"]
[Result "0-1"]
[WhiteElo "423"]
[BlackElo "1278"]
[TimeControl "180+1"]
[EndTime "9:25:54 PDT"]
[Termination "Uživatel vadoto zvítězil matem"]

1. e4 e5 2. Nf3 Nc6 3. Bc4 Bc5 4. Nc3 d6 5. h3 Nf6 6. O-O O-O 7. d3 Be6 8. Bg5 Nd4 9. Nxd4 Bxd4 10. Qf3 Bxc4 11.
dxc4 Qe7 12. Qg3 a5 13. Bh6 Nh5 14. Qg4 Qf6 15. Qxh5 Qxh6 16. Qg4 a4 17. h4 a3 18. bxa3 Bxc3 19. Rae1 Bxe1 20. Rxe1 Rxa3 21. Rd1 Rxa2 22. Rd3 Rxc2 23. Rg3 Rc1+ 24. Kh2 Rxc4 25. h5 d5 26. Kh3 Rxe4 27. Qf3 Rf4 28. Qxd5 Qxh5# 0-1

[Event "Betsys MČR v online bleskovém šachu 2021"]
[Site "Chess.com"]
[Date "2021.04.17"]
[Round "3"]
[White "Hollow_Head"]
[Black "tiger196223"]
[Result "0-1"]
[WhiteElo "1060"]
[BlackElo "1849"]
[TimeControl "180+1"]
[EndTime "9:26:02 PDT"]
[Termination "Uživatel tiger196223 zvítězil matem"]

1. e4 e6 2. Nf3 d5 3. exd5 exd5 4. Qe2+ Qe7 5. Qxe7+ Bxe7 6. Be2 c6 7. O-O Nf6 8. d3 Bg4 9. h3 Bh5 10. Bg5 O-O 11.
Bxf6 Bxf6 12. Nbd2 Re8 13. Rae1 Nd7 14. d4 Nb6 15. c3 Re7 16. b4 a6 17. a3 Rae8 18. Bd3 Rxe1 19. Rxe1 Rxe1+ 20. Nxe1 Bg5 21. Ndf3 Bc1 22.
Nc2 Bxf3 23. gxf3 Na4 24. Kf1 Nxc3 25. Ke1 Nb5 26. Bxb5 axb5 27. Kd1 Bf4 28. Ke2 Kf8 29. Ne3 Bxe3 30. fxe3 Ke7 31. Kf2 f5 32. Kg3 g5 33. f4 Kf6 34. fxg5+ Kxg5 35. h4+ Kh5 36. Kh3 Kg6 37. Kg3 Kf6 38. Kf4 Kg6 39. h5+ Kxh5 40. Kxf5 Kh4 41. Ke6 Kg3 42. Kd7 h5 43. Kc7 h4 44.
Kxb7 h3 45. Kxc6 h2 46. Kxb5 h1=Q 47. a4 Qe4 48. a5 Qxe3 49. a6 Qxd4 50. Ka5 Qc4 51. a7 d4 52. a8=Q Qa2+ 53. Kb5 Qxa8 54. Kc4 Qe4 55. b5 d3+ 56. Kc3 d2 57. b6 d1=Q 58.
b7 Qec2+ 59. Kb4 Qdb1+ 60. Ka5 Qca2# 0-1

[Event "Betsys MČR v online bleskovém šachu 2021"]
[Site "Chess.com"]
[Date "2021.04.17"]
[Round "3"]
[White "Vesselovsky52"]
[Black "Tretrik"]
[Result "1-0"]
[WhiteElo "2326"]
[BlackElo "1971"]
[TimeControl "180+1"]
[EndTime "9:26:05 PDT"]
[Termination "Uživatel Vesselovsky52 zvítězil po vzdání soupeře"]

1. e4 c5 2. Nf3 Nc6 3. c3 e6 4. d4 cxd4 5. cxd4 d5 6. e5 Nge7 7. Nc3 Nf5 8. Bd3 Be7 9. Ne2 g5 10. h3 h5 11. a3 Qb6 12. b4 Bd7 13. Bxf5 exf5 14. Bxg5 a5 15. Bxe7 Kxe7 16. Rb1 axb4 17. axb4 Ra3 18. Nf4 Be6 19. O-O h4 20. b5 Na5 21. Qd2 Nc4 22. Qb4+ Ke8 23. Ra1 Rxf3 24. Nxe6 fxe6 25. Ra8+ Kf7 26. Rxh8 Rd3 27. Qf8+ 1-0

[Event "Betsys MČR v online bleskovém šachu 2021"]
[Site "Chess.com"]
[Date "2021.04.17"]
[Round "3"]
[White "pepca"]
[Black "mysacek1414"]
[Result "1-0"]
[WhiteElo "1525"]
[BlackElo "1869"]
[TimeControl "180+1"]
[EndTime "9:26:06 PDT"]
[Termination "Uživatel pepca zvítězil na čas"]

1. e4 c5 2. Nc3 e6 3. g3 g6 4. Bg2 Bg7 5. f4 d6 6. d3 Nc6 7. Nf3 Nge7 8. O-O O-O 9. Be3 a6 10. h3 b5 11. g4 f5 12. exf5 exf5 13. g5 b4 14. Ne2 Bxb2 15. Rb1 Bg7 16. Ng3 Bb7 17. h4 Nd5 18. Bd2 Nc3 19. Bxc3 Bxc3 20. h5 Nd4 21. Nxd4 Bxd4+ 22. Kh2 Bxg2 23. Kxg2 Qc7 24.
Qf3 Rac8 25. Qd5+ Rf7 26. Qe6 Qe7 27. Qxc8+ Rf8 28. Qxa6 Qe3 29. Qxd6 Re8 30. hxg6 Qd2+ 31. Kh3 hxg6 32. Qxg6+ Kf8 33. Nxf5 1-0

[Event "Betsys MČR v online bleskovém šachu 2021"]
[Site "Chess.com"]
[Date "2021.04.17"]
[Round "3"]
[White "sharpi5135"]
[Black "Sfreedom01"]
[Result "0-1"]
[WhiteElo "780"]
[BlackElo "1334"]
[TimeControl "180+1"]
[EndTime "9:26:06 PDT"]
[Termination "Uživatel Sfreedom01 zvítězil na čas"]

1. e4 e5 2. Nf3 Nc6 3. Be2 d6 4. Nc3 Be6 5. Nd5 Nf6 6. Ng5 Nxd5 7. Nxe6 fxe6 8. exd5 exd5 9. c3 Be7 10. Bb5 Bf6 11. Qf3 e4 12. Qg4 O-O 13. O-O Ne5 14. Qe6+ Kh8 15. f4 Nc6 16. Bxc6 bxc6 17. Qg4 Qe7 18. f5 Rae8 19. d4 exd3 20. Bf4 Be5 21. Bxe5 dxe5 22. Qh5 Rf6 23. Rad1 e4 24. Rf4 e3 25.
Rh4 Rh6 26. Qg4 Rxh4 27. Qg3 e2 28. Re1 d2 29. Rb1 d1=Q+ 30. Rxd1 exd1=Q+ 0-1

[Event "Betsys MČR v online bleskovém šachu 2021"]
[Site "Chess.com"]
[Date "2021.04.17"]
[Round "3"]
[White "LiborRojar"]
[Black "VildaSt"]
[Result "1-0"]
[WhiteElo "2062"]
[BlackElo "1322"]
[TimeControl "180+1"]
[EndTime "9:26:07 PDT"]
[Termination "Uživatel LiborRojar zvítězil matem"]

1. e4 e5 2. Nf3 Nc6 3. Bb5 a6 4. Ba4 Nf6 5. d4 exd4 6. O-O Nxe4 7. Re1 f5 8. Nxd4 Nxd4 9. Qxd4 b5 10. Bb3 Bb7 11.
Nc3 Qf6 12. Qxf6 gxf6 13. f3 O-O-O 14. fxe4 Bxe4 15. Nxe4 fxe4 16. Bd5 f5 17. g4 c6 18. Bf7 d5 19. gxf5 Kc7 20. Bf4+ Kb7 21. Be5 Bg7 22.
Bxg7 Rd7 23. Bxh8 Rxf7 24. Rf1 Rf8 25. Be5 Rf7 26. f6 h5 27. b4 Kc8 28. Rf5 Kd7 29.
Rxh5 Ke6 30. Rf1 c5 31. bxc5 d4 32. Bxd4 a5 33. Re5+ Kd7 34. Re7+ Kc6 35. Rxf7 b4 36. Re7 b3 37. cxb3 a4 38. bxa4 e3 39. Bxe3 Kd5 40.
f7 Kc4 41. f8=Q Kb4 42. Qf4+ Ka3 43. Qd4 Kxa2 44. Rf2+ Ka3 45. Qc3+ Kxa4 46. Ra2+ Kb5 47. Qb3+ Kc6 48. Re6+ Kc7 49. Qb6+ Kd7 50. Qd6+ Kc8 51. Qc6+ Kb8 52. Rb2+ Ka7 53. Qb7# 1-0

[Event "Betsys MČR v online bleskovém šachu 2021"]
[Site "Chess.com"]
[Date "2021.04.17"]
[Round "3"]
[White "MaTpAt113"]
[Black "horalek"]
[Result "0-1"]
[WhiteElo "845"]
[BlackElo "1348"]
[TimeControl "180+1"]
[EndTime "9:26:08 PDT"]
[Termination "Uživatel horalek zvítězil po vzdání soupeře"]

1. e4 c6 2. Nc3 d5 3. f4 dxe4 4. Nxe4 Nf6 5. Nxf6+ exf6 6. Bc4 Be7 7. d3 Bf5 8. Nf3 O-O 9. O-O Nd7 10. Kh1 Nb6 11.
Be3 Bg4 12. h3 Bh5 13. Qe1 Bxf3 14. Rxf3 Nxc4 15. dxc4 Re8 16. Qg3 f5 17. Bd4 Qxd4 18. Rd3 Qxb2 19. Rad1 Rad8 20. Qe3 Rxd3 21. Rxd3 Qf6 22.
Kh2 Kf8 23. Qxa7 Bd6 24. Qd4 Qxd4 25. Rxd4 Rd8 26. c3 c5 27. Rd5 Bxf4+ 28. Kg1 Rxd5 29. cxd5 c4 30. Kf2 Ke7 31. Kf3 g5 32. g3 Bc7 33.
g4 fxg4+ 34. hxg4 Kd6 35. Ke3 Kxd5 0-1

[Event "Betsys MČR v online bleskovém šachu 2021"]
[Site "Chess.com"]
[Date "2021.04.17"]
[Round "3"]
[White "pburak"]
[Black "sachmaty8"]
[Result "1/2-1/2"]
[WhiteElo "1136"]
[BlackElo "1829"]
[TimeControl "180+1"]
[EndTime "9:26:09 PDT"]
[Termination "Remíza dohodou"]

1. e4 e6 2. d4 d5 3. exd5 exd5 4. c4 c6 5. Nf3 Nf6 6. Bg5 Be7 7. Nc3 O-O 8. Be2 Bg4 9. Qb3 Qd7 10. O-O Be6 11. Ne5 Qc7 12. Rfe1 Rd8 13. c5 Ne4 14. Bxe7 Qxe7 15.
Bf3 Nxc3 16. bxc3 Qc7 17. Rab1 Nd7 18. Qxb7 Qxb7 19. Rxb7 Nxe5 20. dxe5 Rdb8 21. Reb1 Rxb7 22. Rxb7 g6 23. Kf1 Bf5 24. Ke2 Re8 25. Rxa7 Rxe5+ 26. Kd2 Re8 27. Rc7 Ra8 28. Rxc6 Rxa2+ 29. Ke3 1/2-1/2

[Event "Betsys MČR v online bleskovém šachu 2021"]
[Site "Chess.com"]
[Date "2021.04.17"]
[Round "3"]
[White "Countryside_58"]
[Black "czlolcz"]
[Result "0-1"]
[WhiteElo "2437"]
[BlackElo "2214"]
[TimeControl "180+1"]
[EndTime "9:26:12 PDT"]
[Termination "Uživatel czlolcz zvítězil po vzdání soupeře"]

1. h4 d5 2. h5 Nf6 3. d4 c5 4. c3 Nc6 5. Nf3 Bf5 6. h6 g6 7. Bf4 Qb6 8. Qb3 e6 9. e3 Qxb3 10. axb3 cxd4 11. exd4 Bxb1 12. Rxb1 Ne4 13. Bd3 f5 14. Ng5 Nxg5 15. Bxg5 Be7 16. Bxe7 Kxe7 17. b4 Kf6 18. f4 g5 19. fxg5+ Kxg5 20. Be2 Ne7 21.
Kf2 Ng8 22. Rh5+ Kg6 23. Rbh1 Nf6 24. R5h3 Ne4+ 25. Ke3 Rhg8 26. Bf3 Kf6 27. Ra1 a6 28. Ra5 b6 29. Ra1 a5 30. bxa5 Rxa5 31. Rxa5 bxa5 32.
Bxe4 fxe4 33. g3 Rb8 34. Rh2 Kg5 35. c4 Rb3+ 36. Kf2 Rxb2+ 37. Kg1 Rxh2 38. Kxh2 dxc4 0-1

[Event "Betsys MČR v online bleskovém šachu 2021"]
[Site "Chess.com"]
[Date "2021.04.17"]
[Round "3"]
[White "Chessillusion213"]
[Black "Varinius"]
[Result "0-1"]
[WhiteElo "2170"]
[BlackElo "2454"]
[TimeControl "180+1"]
[EndTime "9:26:12 PDT"]
[Termination "Uživatel Varinius zvítězil po vzdání soupeře"]

1. d4 Nf6 2. c4 c5 3. d5 b5 4. Qc2 b4 5. e4 d6 6. a3 Na6 7. Nf3 g6 8. Be2 Bg7 9. O-O O-O 10. h3 bxa3 11. Nxa3 Nb4 12. Qb1 e6 13. Nc2 exd5 14. exd5 Bf5 15. Bd1 Re8 16. Bd2 a5 17. Bxb4 axb4 18.
Rxa8 Qxa8 19. b3 Ne4 20. Qc1 Qa2 21. Ne3 Bd7 22. Bc2 Nc3 23. Nd1 Ne2+ 0-1

[Event "Betsys MČR v online bleskovém šachu 2021"]
[Site "Chess.com"]
[Date "2021.04.17"]
[Round "3"]
[White "TommyLud"]
[Black "Trickov"]
[Result "0-1"]
[WhiteElo "2124"]
[BlackElo "2390"]
[TimeControl "180+1"]
[EndTime "9:26:13 PDT"]
[Termination "Uživatel Trickov zvítězil po vzdání soupeře"]

1. d4 d5 2. c4 c6 3. Nf3 Nf6 4.
Nc3 dxc4 5. a4 Bf5 6. Ne5 Nbd7 7. Nxc4 Qc7 8. g3 e5 9. dxe5 Nxe5 10. Bf4 Rd8 11.
Qb3 Be6 12. e3 Nf3+ 13. Ke2 Nd2 14. Nxd2 Rxd2+ 15. Ke1 Bxb3 16. Bxc7 Rxb2 17. Be5 Bb4 18. Rc1 O-O 19. Be2 Nd7 20. Bf4 Bc2 21. Kd2 Be4+ 0-1

[Event "Betsys MČR v online bleskovém šachu 2021"]
[Site "Chess.com"]
[Date "2021.04.17"]
[Round "3"]
[White "Mimochodem"]
[Black "rolkento"]
[Result "0-1"]
[WhiteElo "1787"]
[BlackElo "2255"]
[TimeControl "180+1"]
[EndTime "9:26:13 PDT"]
[Termination "Uživatel rolkento zvítězil po vzdání soupeře"]

1. e4 e6 2. Nf3 d5 3. exd5 exd5 4. d4 Nf6 5. c4 Bb4+ 6. Nc3 O-O 7. Be2 dxc4 8. O-O Bxc3 9. bxc3 b5 10. a4 c6 11.
axb5 cxb5 12. Ne5 Bb7 13. Bg5 Nbd7 14. Ng4 Qb6 15. Bf3 Nxg4 16. Bxg4 Nf6 17. Bf3 Nd5 18. Qd2 a5 19. Rfb1 b4 20. Bxd5 Bxd5 21. cxb4 axb4 22. Rxa8 Rxa8 23. Be3 c3 24. Qc2 h6 25. h3 Ra2 26.
Qxc3 bxc3 27. Rxb6 c2 28. Rd6 Bb7 29. Rd7 Bc6 30.
Rc7 Be4 31. Kh2 g5 32. Kg3 Kg7 33. Rc4 Kg6 34. d5 Bxd5 35. Rc5 Be6 36. Bc1 f5 37. Rc6 Kf7 38. h4 f4+ 39. Kf3 Bd5+ 0-1

[Event "Betsys MČR v online bleskovém šachu 2021"]
[Site "Chess.com"]
[Date "2021.04.17"]
[Round "3"]
[White "Vitana"]
[Black "l_pavlasek"]
[Result "0-1"]
[WhiteElo "1923"]
[BlackElo "1679"]
[TimeControl "180+1"]
[EndTime "9:26:14 PDT"]
[Termination "Uživatel l_pavlasek zvítězil matem"]

1. e4 c5 2. c3 Nc6 3. d4 cxd4 4. cxd4 d6 5. f3 g6 6. Be3 Bg7 7. Bb5 Bd7 8. Ne2 a6 9. Ba4 e6 10. O-O Nge7 11. Nbc3 O-O 12. Rc1 b5 13. Bb3 Na5 14.
Bc2 Nc4 15. Bf2 Nxb2 16. Qe1 Nc4 17. Bb3 Bh6 18. Rc2 Nd2 19. Qd1 Nxf1 20. Kxf1 Bg7 21. Bg3 d5 22. exd5 exd5 23. Bxd5 Nxd5 24. Nxd5 Bf5 25. Rc5 Be6 26. Bc7 Qd7 27. Nb6 Qe7 28.
Nxa8 Rxa8 29. Nf4 Bc4+ 30. Kf2 Re8 31. g3 Qe3+ 32. Kg2 Bxd4 33. Rc6 Qf2+ 34. Kh3 Bg7 35. Rd6 Bf1+ 36. Kh4 Qxh2+ 37. Kg5 Qxg3# 0-1

[Event "Betsys MČR v online bleskovém šachu 2021"]
[Site "Chess.com"]
[Date "2021.04.17"]
[Round "3"]
[White "Clockwork7orange"]
[Black "machonza"]
[Result "1/2-1/2"]
[WhiteElo "2308"]
[BlackElo "1982"]
[TimeControl "180+1"]
[EndTime "9:26:19 PDT"]
[Termination "Remíza opakováním pozice"]

1. d4 Nf6 2. c4 e6 3. Nc3 Bb4 4.
f3 c5 5. a3 Bxc3+ 6. bxc3 d6 7. Bg5 h6 8. Bh4 Nc6 9. e3 O-O 10. Bd3 Qe7 11. Ne2 e5 12. d5 e4 13. Bxf6 Qxf6 14. Bxe4 Ne5 15. Bd3 Qg5 16. Qd2 Qxg2 17. O-O-O Nxf3 18. Qc2 Qg5 19. Nf4 Re8 20. h4 Qe7 21. e4 Qe5 22. Ne2 Nxh4 23. Rxh4 Qg5+ 24. Rf4 f5 25. Kb1 fxe4 26. Rxe4 Bd7 27. Rxe8+ Rxe8 28. Rg1 Rxe2 29. Rxg5 Rxc2 30. Rg6 Rd2 31. Rxd6 Ba4 32.
Bg6 Rd1+ 33. Kb2 Rd2+ 34. Kc1 Rd1+ 35. Kb2 Rd2+ 36. Kc1 Rd1+ 37. Kb2 1/2-1/2

[Event "Betsys MČR v online bleskovém šachu 2021"]
[Site "Chess.com"]
[Date "2021.04.17"]
[Round "3"]
[White "fortale"]
[Black "MrNikdo"]
[Result "1-0"]
[WhiteElo "2339"]
[BlackElo "2037"]
[TimeControl "180+1"]
[EndTime "9:26:20 PDT"]
[Termination "Uživatel fortale zvítězil po vzdání soupeře"]

1. e4 c5 2. Nf3 Nc6 3. d4 cxd4 4. Nxd4 Nf6 5. Nc3 e5 6. Ndb5 d6 7. Bg5 a6 8. Na3 b5 9. Nd5 Qa5+ 10. Bd2 Qd8 11.
Bg5 Qa5+ 12. Bd2 Qd8 13. c4 Nxd5 14. exd5 Nd4 15. cxb5 Bf5 16. Rc1 Qh4 17. Be3 Qe4 18. b6 Qxd5 19. Qa4+ Bd7 20. Qc4 Qe4 21. Qc7 d5 22. b7 Bb4+ 23. Rc3 O-O 24. bxa8=Q Rxa8 25. Qxd7 Nc2+ 26. Nxc2 Qxc2 27. Qxd5 Bxc3+ 28. bxc3 Qxc3+ 29. Qd2 Qa1+ 30. Qd1 Qxa2 31. Be2 Rb8 32. O-O h6 33. Bf3 Rb2 34. Qd8+ Kh7 35. Be4+ 1-0

[Event "Betsys MČR v online bleskovém šachu 2021"]
[Site "Chess.com"]
[Date "2021.04.17"]
[Round "3"]
[White "8_olda_8"]
[Black "marecek1754"]
[Result "1-0"]
[WhiteElo "1798"]
[BlackElo "2184"]
[TimeControl "180+1"]
[EndTime "9:26:22 PDT"]
[Termination "Uživatel 8_olda_8 zvítězil po vzdání soupeře"]

1. d4 Nf6 2. c4 e6 3. Nc3 Bb4 4. Qc2 b6 5. Nf3 Bb7 6. a3 Be7 7. g3 d5 8. cxd5 exd5 9. Bg2 O-O 10. O-O Nbd7 11. Bf4 Rc8 12. Nb5 c6 13. Nxa7 Ra8 14.
Nxc6 Bxc6 15. Qxc6 Rc8 16. Qa4 Rc4 17. Qb3 Ne4 18.
Rac1 Qc8 19. Ne5 Nxe5 20. dxe5 g5 21. Bxe4 gxf4 22. Rxc4 dxc4 23. Qxb6 f5 24. exf6 Rxf6 25. Qd4 Kg7 26. gxf4 Bd6 27. e3 Qg4+ 28. Kh1 Kf7 29.
Bd5+ Ke7 30. Rg1 Qh4 31. Rg7+ Kf8 32. Rg8+ Ke7 33. Qa7+ 1-0

[Event "Betsys MČR v online bleskovém šachu 2021"]
[Site "Chess.com"]
[Date "2021.04.17"]
[Round "3"]
[White "PetrSoucek"]
[Black "svobodan"]
[Result "1-0"]
[WhiteElo "2021"]
[BlackElo "1668"]
[TimeControl "180+1"]
[EndTime "9:26:23 PDT"]
[Termination "Uživatel PetrSoucek zvítězil po vzdání soupeře"]

1. d4 Nf6 2. Bf4 c5 3. dxc5 e6 4. Nc3 Bxc5 5. e4 Nc6 6. Nf3 O-O 7. Bc4 a6 8. a4 Qb6 9. O-O Qxb2 10. Bd2 Qb6 11.
Rb1 Qc7 12. Bg5 Be7 13. Qe2 h6 14. Bh4 Na5 15. Nd2 Nxc4 16. Nxc4 d5 17. exd5 exd5 18. Bxf6 Bxf6 19. Nxd5 Qc6 20. Ncb6 Rb8 21. Qf3 Bd4 22. Ne7+ 1-0

[Event "Betsys MČR v online bleskovém šachu 2021"]
[Site "Chess.com"]
[Date "2021.04.17"]
[Round "3"]
[White "Mitram64"]
[Black "Michaela1994"]
[Result "1-0"]
[WhiteElo "1990"]
[BlackElo "1616"]
[TimeControl "180+1"]
[EndTime "9:26:24 PDT"]
[Termination "Uživatel Mitram64 zvítězil na čas"]

1. d4 e6 2. Nf3 f5 3. Bf4 Nf6 4. e3 g6 5. Nbd2 Bg7 6. h3 O-O 7.
Bc4 c6 8. O-O d5 9. Bb3 Nbd7 10.
c4 Ne4 11. Rc1 Nb6 12. Ne5 Nd7 13. Ndf3 g5 14. Nxd7 Bxd7 15. Be5 Qe8 16. Bc2 Qg6 17. Bxg7 Qxg7 18. Ne5 Be8 19. b4 f4 20. b5 cxb5 21.
cxd5 exd5 22. Bb3 h5 23. Bxd5+ Kh8 24. Bxe4 g4 25. hxg4 hxg4 26. Qxg4 Qxg4 27. Nxg4 Bh5 28. Ne5 fxe3 29. fxe3 Rxf1+ 30. Rxf1 Rc8 31. Rf6 Kg7 32. Rd6 b6 33. Rd7+ Kf6 34. Rxa7 Rc1+ 35. Kh2 Re1 36. g4 Re2+ 37. Kg3 Rxe3+ 38. Kf4 1-0